 Dungeon Crawl Stone Soup version 0.29-a0-284-gf9362112df (webtiles) character file.

Game seed: 8207884643815612747

3271 garrulousMonolith the Cleaver (level 10, -2/82 (86) HPs)
             Began as a Hill Orc Monk on Mar 27, 2022.
             Was a Priest of Beogh.
             Slain by a wight
             ... wielding a +4 war axe
              (4 damage)
             ... on level 7 of the Dungeon on Mar 28, 2022.
             The game lasted 00:10:13 (7737 turns).

garrulousMonolith the Cleaver (Hill Orc Monk)       Turns: 7737, Time: 00:10:13

HP:   -2/82 (86)    AC: 15    Str: 19    XL:     10   Next: 0%
MP:   10/15         EV:  7    Int: 10    God:    Beogh [***...]
Gold: 314           SH:  5    Dex: 13    Spells: 9/9 levels left

rFire   . . .      SeeInvis .   G - +1 broad axe (flame)
rCold   . . .      Faith    +   s - +0 buckler
rNeg    . . .      Spirit   .   F - +2 plate armour
rPois   +          Reflect  .   (no helmet)
rElec   .          Harm     .   (no cloak)
rCorr   .          Rampage  .   (no gloves)
Will    .....                   p - +0 pair of boots
Stlth   ..........              l - amulet of faith
HPRegen 0.23/turn               m - ring of poison resistance
MPRegen 0.14/turn               (no ring)

@: lightly drained
A: no striking features
a: Renounce Religion, Smiting


You were on level 7 of the Dungeon.
You worshipped Beogh.
Beogh was most pleased with you.
You visited 1 branch of the dungeon, and saw 7 of its levels.

You collected 314 gold pieces.

Inventory:

Hand Weapons
 a - a +1 hand axe of electrocution
 b - a +2 hunting sling of flaming
 x - a +2 dagger of venom
 y - a +0 trident
 B - a +5 flail of protection
 G - a +1 broad axe of flaming (weapon)
Missiles
 i - 191 stones (quivered)
 q - a throwing net
 r - 10 poisoned darts
Armour
 c - the +7 ring mail of New Discoveries {+Inv rPois rC- Str+3}
   (You found it on level 2 of the Dungeon)

   Str:       It affects your strength (+3).
   rC:        It makes you vulnerable to cold.
   rPois:     It protects you from poison.
   +Inv:      It lets you turn invisible.
 p - a +0 pair of boots (worn)
 s - a +0 buckler (worn)
 v - a +0 scale mail
 A - +0 steam dragon scales
 C - a +0 chain mail
 F - a +2 plate armour (worn)
Jewellery
 h - a ring of fire
 l - an amulet of faith (around neck)
 m - a ring of poison resistance (left hand)
 z - an amulet of regeneration
Wands
 t - a wand of paralysis (4)
 w - a wand of flame (6)
 H - a wand of iceblast (7)
Scrolls
 d - a scroll of noise {unknown}
 e - a scroll of immolation {unknown}
 g - a scroll of fog {unknown}
 k - a scroll of magic mapping
 n - a scroll of brand weapon {unknown}
 o - a scroll of teleportation
 E - a scroll of amnesia {unknown}
Potions
 f - 2 potions of haste
 j - a potion of cancellation {unknown}
 u - 2 potions of flight {unknown}
 D - 2 potions of mutation


   Skills:
 + Level 7.4 Fighting
 * Level 10.9 Axes
 + Level 5.6 Armour
 - Level 5.0 Dodging
 - Level 1.5 Stealth
 - Level 4.0 Shields
 + Level 6.7 Invocations


You had 9 spell levels left.
You didn't know any spells.
Your spell library contained the following spells:

 Spells                   Type           Power      Damage    Failure   Level
 Animate Skeleton         Necr           0%         N/A       100%        1
 Apportation              Tloc           0%         N/A       100%        1
 Freeze                   Ice            0%         1d3       100%        1
 Sting                    Tmut/Pois      0%         1d3       100%        1
 Summon Small Mammal      Summ           0%         N/A       100%        1
 Ensorcelled Hibernation  Hex/Ice        0%         N/A       100%        2
 Poisonous Vapours        Pois/Air       0%         N/A       100%        2
 Static Discharge         Conj/Air       0%         N/A       100%        2
 Frozen Ramparts          Ice            0%         1d2       100%        3
 Spider Form              Tmut/Pois      0%         N/A       100%        3
 Summon Guardian Golem    Hex/Summ       0%         N/A       100%        3
 Anguish                  Hex/Necr       0%         N/A       100%        4
 Hailstorm                Conj/Ice       0%         3d3       100%        4
 Olgreb's Toxic Radiance  Pois           0%         N/A       100%        4
 Lightning Bolt           Conj/Air       0%         1d11      100%        5
 Orb of Destruction       Conj           0%         9d5       100%        7
 Spellforged Servitor     Conj/Summ      0%         N/A       100%        7
 Maxwell's Capacitive Co  Air            0%         ∞         100%        8


Dungeon Overview and Level Annotations

Branches:
Dungeon (7/15)             Temple (0/1) D:6

Altars:
Hepliaklqana
Kikubaaqudgha
Ru
Trog
Wu Jian

Annotations:
D:3 1 transporter, Pooter's ghost, weakling MiFi


Message History

Things that are here:
a +0 dire flail; a +0 robe You slash the centaur!
You burn the centaur.
The centaur is severely wounded.
You closely miss the wight.
The centaur hits you but does no damage.
You block the centaur's attack. The wight hits you with a +4 trident.
You feel drained. You block the centaur's attack.
The centaur completely misses you. The wight hits you with a +4 war axe!
* * * LOW HITPOINT WARNING * * *
The wight closely misses you.
You slash the centaur! You burn the centaur.
You kill the centaur!
Beogh accepts your kill.
You hit the wight but do no damage. You barely miss the wight.
The wight hits you but does no damage. The wight hits you with a +4 trident!
* * * LOW HITPOINT WARNING * * *
You feel drained.
* * * LOW HITPOINT WARNING * * *
You have reached level 10!
You feel stronger.
You hit the wight. You burn the wight.
The wight is moderately damaged.
You hit the wight but do no damage. The wight barely misses you.
The wight hits you with a +4 trident!
* * * LOW HITPOINT WARNING * * *
You feel drained.
* * * LOW HITPOINT WARNING * * *
Aiming: Smiting
Press: ? - help, Dir - move target, f - wight Smite: a wight, wielding a +4 trident, wearing a +0 robe and quivering poisoned darts
Okay, then.
Aiming: Smiting
Press: ? - help, Dir - move target, f - wight Smite: a wight, wielding a +4 trident, wearing a +0 robe and quivering poisoned darts You smite the wight!
You destroy the wight!
Beogh accepts your kill. The wight hits you with a +4 war axe.
You die...

,,***.#.........#* *,,,* #.....
*,,**.........<.## ***** #.....
**,,,...........)# #.....
,*,,,........##.)###########..#..
,*,,,.......)####†....#..........
,,,............##.......##.##....
,*#................#.....###.....
,*..........#.=z).##..#...#....##
**#............)@)...##........#*
*#.............##..............#*
#..............###.............#,
,.............#####...........##,
##.###..........#.............P♣#
...#.###...................)....#
......#<....#.#....<..........###
.........#..###.#.............#**
..[.....##.z.#*.#.........#...#,,


You could see a wight.

Vanquished Creatures
  Maggie (D:7)
  Prince Ribbit (D:5)
  Eustachio (D:5)
  2 steam dragons
  Edmund (D:5)
  3 sky beasts
  An orc warrior (D:6)
  An ogre (D:4)
  3 black bears (D:5)
  A centaur (D:7)
  A phantom (D:6)
  A kobold brigand (D:7)
  5 bullfrogs (D:7)
  4 scorpions
  4 wights (D:7)
  A howler monkey (D:5)
  A jelly (D:6)
  2 orc priests (D:6)
  2 hounds (D:5)
  A gnoll shaman (D:6)
  Ijyb (D:3)
  Terence (D:3)
  3 iguanas
  3 orc wizards
  2 gnolls
  6 adders
  An ufetubus (D:5)
  A worm (D:4)
  2 dart slugs
  20 orcs
  2 endoplasms (D:1)
  3 giant cockroaches
  12 hobgoblins
  9 jackals
  14 kobolds
  4 quokkas
  8 ball pythons
  7 bats
  3 frilled lizards
  8 goblins
  8 rats
155 creatures vanquished.

Vanquished Creatures (collateral kills)
  An ice beast (D:6)
  A hound (D:6)
  An orc wizard (D:6)
  A white imp (D:7)
4 creatures vanquished.

Vanquished Creatures (others)
  2 orc priests (D:7)
  2 gnolls (D:6)
  2 orcs
  A plant (D:7)
7 creatures vanquished.

Grand Total: 166 creatures vanquished

Notes
Turn   | Place    | Note
-------+----------+-------------------------------------------
     0 | D:1      | garrulousMonolith the Hill Orc Monk began the quest for the
                  | Orb.
     0 | D:1      | Reached XP level 1. HP: 19/19 MP: 1/1
   295 | D:1      | Reached XP level 2. HP: 19/25 MP: 2/2
   775 | D:1      | Reached skill level 1 in Invocations
  1275 | D:2      | Reached XP level 3. HP: 33/33 MP: 3/3
  1356 | D:2      | Identified the +7 ring mail of New Discoveries {+Inv rPois
                  | rC- Str+3}
  1368 | D:2      | Reached skill level 1 in Shields
  1799 | D:2      | Reached skill level 5 in Axes
  1799 | D:2      | Reached skill level 1 in Armour
  1799 | D:2      | Reached XP level 4. HP: 40/40 MP: 3/5
  1835 | D:2      | Found a hazy altar of Hepliaklqana.
  2359 | D:3      | Found a transporter.
  2360 | D:3      | Noticed Pooter's ghost (weakling MiFi)
  2360 | D:3      | Noticed an ogre
  2360 | D:3      | Noticed an ogre
  2421 | D:3      | Noticed Terence
  2433 | D:3      | Killed Terence
  2434 | D:3      | Reached XP level 5. HP: 33/46 MP: 6/6
  2596 | D:3      | Found a faded altar of an unknown god.
  2794 | D:3      | Noticed Ijyb
  2806 | D:3      | Killed Ijyb
  3147 | D:3      | Noticed a sky beast
  3167 | D:3      | Killed a sky beast
  3168 | D:3      | Reached skill level 6 in Axes
  3168 | D:3      | Reached XP level 6. HP: 38/53 MP: 7/7
  4134 | D:4      | Became a worshipper of Beogh the Brigand
  4134 | D:4      | Reached * piety under Beogh
  4134 | D:4      | Reached ** piety under Beogh
  4207 | D:4      | Reached XP level 7. HP: 43/60 MP: 9/9
  4483 | D:5      | Entered Level 5 of the Dungeon
  4558 | D:5      | Reached skill level 5 in Fighting
  4564 | D:5      | Reached skill level 7 in Axes
  4791 | D:5      | Found a bloodstained altar of Trog.
  4794 | D:5      | Noticed Eustachio
  4817 | D:5      | Killed Eustachio
  4827 | D:5      | Reached XP level 8. HP: 30/69 MP: 9/11
  5036 | D:5      | Noticed Edmund
  5054 | D:5      | Killed Edmund
  5090 | D:5      | Reached skill level 8 in Axes
  5124 | D:5      | Noticed Prince Ribbit
  5159 | D:5      | Killed Prince Ribbit
  6002 | D:6      | Reached skill level 5 in Invocations
  6064 | D:6      | Reached skill level 9 in Axes
  6064 | D:6      | Reached XP level 9. HP: 34/75 MP: 12/12
  6202 | D:6      | Reached *** piety under Beogh
  6406 | D:6      | Found a staircase to the Ecumenical Temple.
  6476 | D:6      | Found a sacrificial altar of Ru.
  6476 | D:6      | Found an ornate altar of the Wu Jian Council.
  6881 | D:7      | Noticed Maggie
  6900 | D:7      | Killed Maggie
  6940 | D:7      | Reached skill level 10 in Axes
  6940 | D:7      | Reached skill level 5 in Armour
  7293 | D:7      | HP: 2/75 [wight/+0 flail (7)]
  7296 | D:7      | Found an ancient bone altar of Kikubaaqudgha.
  7299 | D:7      | HP: 2/78 [bullfrog (5)]
  7695 | D:7      | Reached skill level 5 in Dodging
  7736 | D:7      | Reached XP level 10. HP: 12/84 MP: 13/15
  7736 | D:7      | HP: 4/84 [wight/+4 trident (8)]
  7737 | D:7      | Slain by a wight

Illustrated notes

Levels and vault maps discovered:
D:1:      dpeg_arrival_three_same_balls, layout_loops_ring,
          minmay_misc_feat_diagonals
D:2:      layout_loops_ring, basic_altar, kennysheep_generic_room_9
D:3:      corexii_shack_village, layout_loops_corners,
          hellmonk_ecumenical_altar_dog_temple, gammafunk_ghost_smash,
          uniq_terence, uniq_ijyb
D:4:      layout_loops_ring
D:5:      layout_basic, trog_ov_bears_minmay, kennysheep_crisscross,
          minivault_24, uniq_eustachio, uniq_edmund, uniq_prince_ribbit1
D:6:      layout_basic, jmf_multi_god_temple, minmay_temple_entry_tees
D:7:      kennysheep_kobold_camp, layout_cave_pools,
          nemelex_diamond_rough_becter, nicolae_qazlal_style_of_elements,
          mainiacjoe_overflow_alcove_1,
          mainiacjoe_overflow_concentric_impassable, minmay_bent, uniq_maggie,
          uniq_pikel, uniq_crazy_yiuf_cottage

Skill      XL: |  1  2  3  4  5  6  7  8  9 |
---------------+----------------------------+-----
Invocations    | 1 2 3 4 5 6 |  6.7
Shields        | 1 2 3 4 |  4.0
Fighting       | 4 5 6 7 |  7.4
Axes           | 5 6 7 9 10 | 10.9
Armour         | 1 2 3 4 5 |  5.6
Dodging        | 3 4 5 |  5.0
Stealth        | |  1.5

Action                   |  1- 3 |  4- 6 |  7- 9 | 10-12 || total
-------------------------+-------+-------+-------+-------++-------
Melee: Trident           |    60 |       |       |       ||    60
       Hand axe          |     8 |    48 |   117 |       ||   173
       Punch             |     2 |       |       |       ||     2
       Dagger            |    39 |   120 |   121 |       ||   280
       Broad axe         |       |       |    53 |     1 ||    54
 Fire: Hunting sling     |       |     6 |       |       ||     6
Throw: Stone             |       |       |     2 |       ||     2
Invok: Convert to Beogh  |       |     1 |       |       ||     1
       Smiting           |       |       |     5 |     1 ||     6
 Abil: Evoke Invisibilit |       |       |     1 |       ||     1
Evoke: Wand              |       |       |     2 |       ||     2
  Use: Potion            |     1 |       |     5 |       ||     6
       Scroll            |       |     2 |     7 |       ||     9
 Stab: Sleeping          |     3 |     1 |       |       ||     4
       Paralysed         |       |       |     7 |       ||     7
       Distracted        |       |       |     1 |       ||     1
Armor: Ring mail         |    41 |    62 |    88 |       ||   191
       Plate armour      |       |       |    93 |       ||    93
Dodge: Dodged            |    43 |    66 |   143 |     1 ||   253
Block: Buckler           |       |    28 |    71 |       ||    99

Table legend: (Time is in decaauts)
 A = Elapsed time spent in this place.
 B = Non-inter-level travel time spent in this place.
 C = Inter-level travel time spent in this place.
 D = Time resting spent in this place.
 E = Time spent auto-exploring this place.
 F = Levels seen in this place.
 G = Mean time per level.
                   A        B        C        D        E       F      G
               +--------+--------+--------+--------+--------+-----+--------+
         Total |   7761 |   7523 |    238 |   1911 |   4340 |   7 | 1108.7 |
       Dungeon |   7761 |   7523 |    238 |   1911 |   4340 |   7 | 1108.7 |
               +--------+--------+--------+--------+--------+-----+--------+

Top non-repeatable levels by time:
     D:5: 1488 daAuts
     D:3: 1371 daAuts
     D:1: 1284 daAuts
     D:2: 1070 daAuts
     D:6: 1040 daAuts
     D:4: 774 daAuts
     D:7: 730 daAuts
